 Dungeon Crawl Stone Soup version 0.22-a0-354-g30dfbe6 (webtiles) character file.

1976 b5mith the Fighter (level 9, -5/127 HPs)
             Began as a Minotaur Berserker on Apr 16, 2018.
             Was an Elder of Trog.
             Killed from afar by an electric eel (11 damage)
             ... with a bolt of electricity
             ... on level 6 of the Dungeon.
             The game lasted 00:22:02 (6523 turns).

b5mith the Fighter (Minotaur Berserker)             Turns: 6523, Time: 00:22:03

Health: -5/127     AC:  8    Str: 29    XL:     9   Next: 0%
Magic:  8/8        EV: 11    Int:  7    God:    Trog [****..]
Gold:   292        SH:  0    Dex: 11    Spells: 8/8 levels left

rFire    + . .     SeeInvis .   a - +6 flail of Ycidghukk {venom, Int+3}
rCold    . . .     Gourm    .   (no shield)
rNeg     . . .     Faith    .   y - +1 ring mail {rF+}
rPois    .         Spirit   .   (helmet restricted)
rElec    .         Reflect  .   f - +1 cloak
rCorr    .         Harm     .   (no gloves)
MR       .....                  (no boots)
Stlth    ..........             (no amulet)
HPRegen  0.31/turn              (no ring)
MPRegen  0.11/turn              (no ring)

@: berserking, very slightly contaminated, very quick
A: retaliatory headbutt, horns 2
a: Berserk, Trog's Hand, Brothers in Arms, Renounce Religion


You were on level 6 of the Dungeon.
You worshipped Trog.
Trog was greatly pleased with you.
You were hungry.

You visited 1 branch of the dungeon, and saw 6 of its levels.

You collected 361 gold pieces.
You spent 69 gold pieces at shops.

Inventory:

Hand Weapons
 a - the +6 flail of Ycidghukk (weapon) {venom, Int+3}
   (You found it on level 5 of the Dungeon)

   It poisons the flesh of those it strikes.
   It affects your intelligence (+3).
 b - a +0 hunting sling
   (You took it off a goblin on level 2 of the Dungeon)
 e - a +0 falchion
 F - a +3 mace of pain
   (You found it on level 1 of the Dungeon)
Missiles
 k - 30 sling bullets
 v - 6 tomahawks (quivered)
Armour
 f - a +1 cloak (worn)
   (You took it off Crazy Yiuf on level 2 of the Dungeon)
 i - a +0 leather armour
   (You found it on level 1 of the Dungeon)
 l - a +0 ring mail of cold resistance
   (You found it on level 4 of the Dungeon)
 r - a +0 animal skin
 t - a +0 ring mail
   (You found it on level 3 of the Dungeon)
 y - a +1 ring mail of fire resistance (worn)
   (You took it off an orc on level 4 of the Dungeon)
Jewellery
 A - a +4 ring of dexterity {unknown}
   (You found it on level 6 of the Dungeon)
 H - an uncursed amulet of magic regeneration {unknown}
   (You found it on level 6 of the Dungeon)
Wands
 n - a wand of digging (16)
   (You found it on level 3 of the Dungeon)
 C - a wand of disintegration (5)
   (You found it on level 5 of the Dungeon)
 E - a wand of clouds (6)
   (You found it on level 5 of the Dungeon)
Scrolls
 g - a scroll of random uselessness {unknown}
 o - a scroll of magic mapping
 u - a scroll of fear
 x - 4 scrolls of identify {@r1}
 G - a scroll of enchant weapon
 I - 3 scrolls of remove curse {@r2}
 J - a scroll of vulnerability {unknown}
 K - a scroll of teleportation
Potions
 d - 4 potions of magic
 h - a potion of haste {unknown}
 j - a potion of agility {unknown}
 m - 5 potions of curing {@q1}
 p - 2 potions of heal wounds
 q - 3 potions of mutation {unknown}
 w - 4 potions of lignification {unknown}
 B - 2 potions of brilliance {unknown}
 D - 2 potions of cancellation {unknown}
Comestibles
 c - 9 rations
 s - 5 chunks of flesh


   Skills:
 + Level 10.0 Fighting
 - Level 3.6 Long Blades
 + Level 9.8 Maces & Flails
 - Level 2.4 Armour
 - Level 2.1 Dodging
 - Level 2.2 Stealth


You had 8 spell levels left.
You didn't know any spells.

Dungeon Overview and Level Annotations

Branches:
Dungeon (6/15)             Temple (0/1) D:4

Altars:
Ashenzari
Fedhas
Kikubaaqudgha

Shops:
D:5 *   D:6 *


Innate Abilities, Weirdness & Mutations

You reflexively headbutt those who attack you in melee.
You have a pair of horns on your head.


Message History

The electric eel shoots out a bolt of lightning at you!
The bolt of electricity hits you!
Blink to where?
Press: ? - help, Dir - move target cursor You are very lightly contaminated with residual magic.
As you read the scroll of blinking, it crumbles to dust.
The electric eel shoots out a bolt of lightning at you!
The bolt of electricity hits you!
The bolt of electricity hits the electric eel.
The electric eel completely resists.
The bolt of electricity hits the electric eel.
The electric eel completely resists.
The bolt of electricity hits you!
The electric eel shoots out a bolt of lightning at you!
The bolt of electricity hits you!
* * * LOW HITPOINT WARNING * * *
The bolt of electricity hits you!
* * * LOW HITPOINT WARNING * * *
The bolt of electricity hits the electric eel.
The electric eel completely resists.
A red film seems to cover your vision as you go berserk!
You feel yourself moving faster!
You feel mighty!
You are feeling hungry.
The electric eel shoots out a bolt of lightning at you!
The bolt of electricity hits you!
* * * LOW HITPOINT WARNING * * *
The bolt of electricity hits the electric eel.
The electric eel completely resists.
The bolt of electricity hits the electric eel.
The electric eel completely resists.
The bolt of electricity hits you!
* * * LOW HITPOINT WARNING * * *
The electric eel shoots out a bolt of lightning at you!
The bolt of electricity hits you!
* * * LOW HITPOINT WARNING * * *
The bolt of electricity hits you!
* * * LOW HITPOINT WARNING * * *
The bolt of electricity hits the electric eel.
The electric eel completely resists.
You bludgeon the electric eel!!
You kill the electric eel!
Trog accepts your kill.
You hear a splash.
Your Fighting skill increases to level 10!
You have reached level 9!
Your experience leads to an increase in your attributes!
Your base attributes are Str 23, Int 4, Dex 11.
Increase (S)trength, (I)ntelligence, or (D)exterity?
You feel stronger.
The electric eel shoots out a bolt of lightning at you!
The bolt of electricity hits you!
You die...

####......#)##≈).P. #..#.........
#......#.#;≈$.≈...#.#.........
#......#.#≈≈......#≈#.##......
#.<....#.#≈≈≈PP...#≈####......
#......#≈##;[?...##≈≈#........
#......##≈##########≈##.......
#.......##≈##≈≈!P..#..#.......
########.#≈#≈;;PP..'#.##......
#.....+.#.#≈@[≈....#.##......
#####.....#.#.#≈≈.≈P...#≈#.......
..........#.#.##≈(....##≈#.......
..........#.##.########.##.......
..........#..##≈)≈≈≈...###.......
...##.....#...#############......
#####.....'[[.............#......
<).##.....#..>............####'##
!.)##.....#...............'......


You could see 2 electric eels.

Vanquished Creatures
  The ghost of schwarznadel the Cutter, a novice FoFi (D:5)
  A phantom (D:5)
  2 ogres (D:6)
  3 centaurs
  4 bullfrogs (D:6)
  A scorpion (D:6)
  An electric eel (D:6)
  2 howler monkeys
  A jelly (D:6)
  Crazy Yiuf (D:2)
  3 hounds
  2 orc priests
  An iguana (D:6)
  2 worker ants
  2 orc wizards
  A hound zombie (D:3)
  A hound skeleton (D:4)
  A worker ant zombie (D:5)
  5 gnolls
  7 adders
  5 adder skeletons
  An adder zombie (D:5)
  3 worms
  3 dart slugs
  2 leopard geckos
  24 orcs
  10 bats
  5 giant cockroaches
  6 goblins
  5 hobgoblins
  13 jackals
  9 kobolds
  3 quokkas
  3 ball pythons
  6 frilled lizards
  A leopard gecko zombie (D:5)
  2 quokka zombies (D:6)
  6 rats
149 creatures vanquished.

Notes
Turn   | Place    | Note
-------+----------+-------------------------------------------
     0 | D:1      | b5mith the Minotaur Berserker began the quest for the Orb.
     0 | D:1      | Reached XP level 1. HP: 19/19 MP: 0/0
    50 | D:1      | Reached skill level 1 in Maces & Flails
    72 | D:1      | Reached XP level 2. HP: 18/27 MP: 1/1
   505 | D:1      | Reached skill level 4 in Fighting
   505 | D:1      | Reached skill level 1 in Stealth
   505 | D:1      | Reached XP level 3. HP: 33/33 MP: 2/2
  1167 | D:2      | Reached XP level 4. HP: 40/41 MP: 3/3
  1182 | D:2      | Found a runed door.
  1244 | D:2      | Reached ** piety under Trog
  1742 | D:2      | Noticed Crazy Yiuf
  1750 | D:2      | Killed Crazy Yiuf
  2240 | D:3      | Found a blossoming altar of Fedhas.
  2535 | D:3      | Reached XP level 5. HP: 34/47 MP: 4/4
  2983 | D:3      | Reached skill level 5 in Fighting
  3374 | D:4      | Reached XP level 6. HP: 50/56 MP: 5/5
  3417 | D:4      | Reached skill level 5 in Maces & Flails
  3445 | D:4      | Reached *** piety under Trog
  3482 | D:4      | Found an ancient bone altar of Kikubaaqudgha.
  3489 | D:4      | Found a shattered altar of Ashenzari.
  3828 | D:4      | Found a staircase to the Ecumenical Temple.
  3843 | D:4      | Reached skill level 6 in Fighting
  4165 | D:5      | Entered Level 5 of the Dungeon
  4165 | D:5      | Found Xallyich's General Store.
  4218 | D:5      | Reached XP level 7. HP: 20/64 MP: 6/6
  4660 | D:5      | Got a fine flail
  4661 | D:5      | Identified the +6 flail of Ycidghukk {venom, Int+3} (You found it on level 5 of the Dungeon)
  4889 | D:5      | Noticed schwarznadel's ghost (novice FoFi)
  4906 | D:5      | Killed schwarznadel's ghost
  4906 | D:5      | Reached skill level 8 in Fighting
  4906 | D:5      | Reached XP level 8. HP: 64/74 MP: 7/7
  5659 | D:6      | Reached skill level 9 in Fighting
  5834 | D:6      | Found Hotopry's Assorted Antiques.
  5840 | D:6      | Bought a scroll of remove curse for 69 gold pieces
  6233 | D:6      | Reached **** piety under Trog
  6523 | D:6      | Reached skill level 10 in Fighting
  6523 | D:6      | Reached XP level 9. HP: 6/85 MP: 8/8
  6523 | D:6      | Killed from afar by an electric eel

Vault maps used:
D:1:      mushboom_english_gardens, minmay_tetromino_i4
D:2:      first_ration, uniq_crazy_yiuf_cottage
D:3:      fedhas_altar_1
D:4:      lemuel_upstairs_altar, grunt_temple_overflow_open, temple_statues
D:5:      serial_shops, shop, corexii_mini_fake_secret_closet
D:6:      cheibrodos_two_vegetables, serial_shops, nicolae_shop_trees,
          hangedman_abyss_or_decor_jellyfish_corner

Skill      XL: |  1  2  3  4  5  6  7  8 |
---------------+-------------------------+-----
Maces & Flails | 1 2 3 4 6 7 9 |  9.8
Fighting       | 4 5 6 8 10 | 10.0
Stealth        | 1 2 |  2.2
Long Blades    | |  3.6
Armour         | |  2.4
Dodging        | |  2.1

Action                   |  1- 3 |  4- 6 |  7- 9 || total
-------------------------+-------+-------+-------++-------
Melee: Mace              |    73 |   150 |    85 ||   308
       Headbutt          |     9 |    28 |    14 ||    51
       Falchion          |     1 |       |       ||     1
       Flail             |       |       |    53 ||    53
 Fire: Hunting sling     |       |    58 |    51 ||   109
Invok: Berserk           |       |     1 |     3 ||     4
  Use: Potion            |       |     1 |       ||     1
       Scroll            |       |     8 |     4 ||    12
 Stab: Sleeping          |       |     1 |       ||     1
  Eat: Chunk             |     1 |    10 |     3 ||    14
       Ration            |       |       |     2 ||     2
Armor: Animal skin       |    23 |       |       ||    23
       Ring mail         |       |    50 |    48 ||    98
Dodge: Dodged            |    57 |    94 |    64 ||   215

Table legend:
 A = Spawn XP
 B = Non-spawn XP
 C = Spawn XP percentage of total XP
 D = Spawn monster count
 E = Non-spawn monster count
 F = Spawn count percentage of total count
 G = Total turns spent on level
                    A         B        C        D         E        F      G
               +---------+---------+-------+---------+---------+-------+---------
         Total |       0 |    2823 |   0.0 |       0 |     149 |   0.0 |  6523
               +---------+---------+-------+---------+---------+-------+---------
           D:1 |       0 |      46 |   0.0 |       0 |      19 |   0.0 |   700
           D:2 |       0 |     116 |   0.0 |       0 |      28 |   0.0 |  1316
           D:3 |       0 |     180 |   0.0 |       0 |      33 |   0.0 |  1242
           D:4 |       0 |     315 |   0.0 |       0 |      24 |   0.0 |   907
           D:5 |       0 |     959 |   0.0 |       0 |      10 |   0.0 |  1090
           D:6 |       0 |    1207 |   0.0 |       0 |      35 |   0.0 |  1268
               +---------+---------+-------+---------+---------+-------+---------
